Workbook

Sheet Акт
A1: АКТ № 76/8-2017
A2: приемки оказанных услуг и (или) выполненных работ по содержанию и текущему ремонту общего имущества в многоквартирном доме № 8 квартала 76.
A3: г. Ангарск | D3: "31" марта 2018 г.
A5: Наименование вида работы (услуги) | B5: Периодичность/ количественный показатель выполненной работы (оказанной услуги) | C5: Единица измерения работы (услуги) | D5: Стоимость /сметная стоимость выполненной работы (оказанной услуги) за единицу | E5: Цена выполненной работы (оказанной услуги), в рублях
A6: Аварийное обслуживание
A7: Аварийное обслуживание | B7: Ежедневно | C7: руб. | D7: =E7 -> 5884.01 | E7: 5884.01
A8: Благоустройство
A9: Валка, обрезка деревьев с вывозом | B9: По факту | C9: руб. | D9: =E9 -> 63650.89 | E9: 63650.89
A10: Вывоз листвы и смета | B10: По факту | C10: м2 | D10: =E10 -> 6000 | E10: 6000
A11: Выкашивание газонов | B11: 100 | C11: м2 | D11: =E11/B11 -> 3.95 | E11: 395
A12: Вывоз и утилизация ТКО, в т.ч. крупногабаритного мусора
A13: Услуги по вывозу и утилизации ТБО, в т.ч. крупногабаритного мусора | B13: Ежедневно | C13: руб. | D13: =E13 -> 85091.81 | E13: 85091.81
A14: Изготовление плана благоустройства
A15: Изготовление плана благоустройства | B15: По факту | C15: м2 | D15: =E15 -> 5997.6 | E15: 5997.6
A16: Коммунальные ресурсы на содержание общ. имущества МКД
A17: ГВС на содержание общ. имущества | B17: По факту | C17: руб. | D17: =E17 -> 7993.02 | E17: 7993.02
A18: Отведение сточных вод на содержание общ. имущества | B18: По нормативу | C18: руб. | D18: =E18 -> 3297.64 | E18: 3297.64
A19: ХВС на содержание общ. имущества | B19: По нормативу | C19: руб. | D19: =E19 -> 2707.71 | E19: 2707.71
A20: Электрическая энергия на содержание общ. имущества | B20: По факту | C20: руб. | D20: =E20 -> 8343.26 | E20: 8343.26
A21: Обслуживание и текущий ремонт электрооборудования жилых домов
A22: Обслуживание и текущий ремонт электрооборудования жилых домов | B22: По факту | C22: руб. | D22: =E22 -> 10015.93 | E22: 10015.93
A23: Обслуживание инженерного оборудования
A24: Демонтаж-монтаж смывного бачка типа "Компакт" | B24: 1 | C24: шт | D24: =E24/B24 -> 342.83 | E24: 342.83
A25: Запуск потока воды: отопление, ГВС | B25: 2 | C25: 1 узел | D25: =E25/B25 -> 78.995 | E25: 157.99
A26: Запуск системы отопления. | B26: 1 | C26: 1 здание | D26: =E26/B26 -> 796.94 | E26: 796.94
A27: Ликвидация воздушных пробок в системе отопления, в стояке | B27: 3 | C27: 1 стояк | D27: =E27/B27 -> 446.32333 | E27: 1338.97
A28: Опрессовка ТУ диаметром: до 100 мм | B28: 0.09 | C28: 100 м | D28: =E28/B28 -> 4270.8889 | E28: 384.38
A29: Осмотр подвальных помещений (засоры, подпоры) прим. | B29: 0.54 | C29: 1000 м2 | D29: =E29/B29 -> 1562.1111 | E29: 843.54
A30: Осмотр системы центрального отопления, устройств в чердачных и подвальных помещениях. | B30: 3.34 | C30: 1000 м2 | D30: =E30/B30 -> 1572.2335 | E30: 5251.26
A31: Осмотр СТО | B31: 0.17 | C31: 100 квартир | D31: =E31/B31 -> 22751.588 | E31: 3867.77
A32: Осмотр СТО в чердачных и подвальных помещениях (весенний и осенний) | B32: 2.1 | C32: 1000 м2 | D32: =E32/B32 -> 1559.1 | E32: 3274.11
A33: Осмотр, РХВ замеры | B33: 0.02 | C33: 100 шт. | D33: =E33/B33 -> 21561 | E33: 431.22
A34: Отключение системы отопления (консервация) - прим. | B34: 1 | C34: 1 здание | D34: =E34/B34 -> 384.58 | E34: 384.58
A35: Очистка канализационной сети: внутренней | B35: 0.85 | C35: 100 м | D35: =E35/B35 -> 13249.647 | E35: 11262.2
... A46: Устранение течи из гибких подводок присоединения санитарных приборов | B46: 1 | C46: 1 соединение | D46: =E46/B46 -> 116.28 | E46: 116.28
A47: Обслуживание конструктивных элементов
A48: Закрытие подвальных окон и люков (прим) | B48: 0.1 | C48: 10 шт. | D48: =E48/B48 -> 1885.5 | E48: 188.55
A49: Осмотр квартир | B49: 0.02 | C49: 100 квартир | D49: =E49/B49 -> 23465 | E49: 469.3
A50: Осмотр кровли, чердака, подъездов, подвального помещения - весенний осмотр | B50: 2.194 | C50: 1000 м2 | D50: =E50/B50 -> 1705.3054 | E50: 3741.44
A51: Осмотр кровли, чердака, подъездов, подвального помещения -подготовка к зиме | B51: 1.5 | C51: 1000 м2 | D51: =E51/B51 -> 1741.4 | E51: 2612.1
A52: Очистка кровли от снега толщ. 10 см, сбивание сосулей | B52: 290 | C52: 1 м 2 основания | D52: =E52/B52 -> 38.469586 | E52: 11156.18
A53: Очистка кровли от снега толщ. 10 см, сбивание сосулей (вышка) | B53: 90 | C53: 1 м 2 основания | D53: =E53/B53 -> 67.367 | E53: 6063.03
A54: Перенавеска водосточных труб. | B54: 0.025 | C54: 100 м | D54: =E54/B54 -> 42442.8 | E54: 1061.07
A55: Проверка исправности канализационных вытяжек (по жалобе) | B55: 0.8 | C55: 1000 м2 | D55: =E55/B55 -> 1647.4 | E55: 1317.92
A56: Проверка наличия тяги в ДВ и вент. каналах | B56: 0.06 | C56: 1000 м2 | D56: =E56/B56 -> 1645.8333 | E56: 98.75
A57: Прочистка вентиляционных каналов | B57: 0.09 | C57: 100 м | D57: =E57/B57 -> 9901.8889 | E57: 891.17
A58: Смена дверных приборов: навесного замка | B58: 0.02 | C58: 100 приборов | D58: =E58/B58 -> 32540.5 | E58: 650.81
A59: Смена дверных приборов: пружин | B59: 0.02 | C59: 100 приборов | D59: =E59/B59 -> 31734.5 | E59: 634.69
A60: Смена стекол в деревянных переплетах при площади стекла до: 0,25 м | B60: 0.004 | C60: 100 м2 | D60: =E60/B60 -> 176730 | E60: 706.92
A61: Обслуживание ОДПУ
A62: Техническое обслуживание ОДПУ | B62: Ежемесячно | C62: руб. | D62: =E62/12 -> 1800 | E62: 21600
A63: Расходы на истребование задолженности по оплате жилых помещений
A64: Истребование дебиторской задолженности | B64: По факту | C64: руб. | D64: =E64 -> 2425.84 | E64: 2425.84
A65: Текущий ремонт инженерного оборудования
A66: Демонтаж-монтаж клапанов обратных муфтовых д: 40 мм (с ремонтом) | B66: 0.01 | C66: 100 шт. | D66: =E66/B66 -> 82582 | E66: 825.82
A67: Изоляция трубопровода матами с совмещенным покрывным слоем | B67: 0.201 | C67: 1 м3 | D67: =E67/B67 -> 20296.667 | E67: 4079.63
A68: Смена отдельных участков трубопроводов диаметром: 15 мм | B68: 1 | C68: 1 участок | D68: =E68/B68 -> 1135 | E68: 1135
A69: Установка заглушек на трубопроводах д. до 100мм | B69: 0.01 | C69: 100 шт. | D69: =E69/B69 -> 54509 | E69: 545.09
A70: Текущий ремонт конструктивных элементов жилых зданий
A71: Заделка выбоин в цементных полах площадью до: 0,25 м2 | B71: 0.01 | C71: 100 мест | D71: =E71/B71 -> 19631 | E71: 196.31
A72: Заделка выбоин в цементных полах площадью до: 0,5 м2 | B72: 0.01 | C72: 100 мест | D72: =E72/B72 -> 32839 | E72: 328.39
A73: Окраска масляными составами ранее окрашенных металлических решеток и оград без рельефа за 2 раза | B73: 0.007 | C73: 100 м2 | D73: =E73/B73 -> 39911.429 | E73: 279.38
A74: Постановка заклепок в местах соединения труб | B74: 0.12 | C74: 100 шт. | D74: =E74/B74 -> 4786.25 | E74: 574.35
A75: Ремонт дверных коробок узких: в деревянных стенах без снятия полотен | B75: 0.1 | C75: 10 коробок | D75: =E75/B75 -> 16049.9 | E75: 1604.99
A76: Ручная газовая резка круглой стали диаметром до 24 мм Срезка замка, кронштейна, штырей | B76: 0.1 | C76: 10 шт. | D76: =E76/B76 -> 1179.9 | E76: 117.99
A77: Ручная дуговая сварка стыков соединений с накладками из стержней | B77: 0.2 | C77: 10 шт. | D77: =E77/B77 -> 1496.45 | E77: 299.29
A78: Смена частей канализационного стояка над кровлей: патрубка | B78: 1 | C78: шт | D78: =E78/B78 -> 1947.42 | E78: 1947.42
A79: Транспортные расходы
A80: Услуги а/вышки | B80: По факту | C80: руб. | D80: =E80 -> 8795.51 | E80: 8795.51
A81: Услуги автотранспорта | B81: По факту | C81: руб. | D81: =E81 -> 15217.37 | E81: 15217.37
A82: Уборка лестничных клеток
A83: Уборка л/клеток | B83: Еженедельно | C83: м2 | D83: =E83 -> 98217.67 | E83: 98217.67
A84: Уборка придомовой территории
A85: Уборка придомовой территории | B85: Еженедельно | C85: м2 | D85: =E85 -> 103649.06 | E85: 103649.06
A86: Уборка чердаков и подвалов
A87: Очистка чердаков и подвалов | B87: 621.4 | C87: м2 | D87: =E87/B87 -> 7.05 | E87: 4380.87
A88: Услуги по управлению МКД
A89: Услуги по управлению МКД | B89: Ежедневно | C89: руб. | D89: =E89 -> 66472.163 | E89: =Бюджет!C36*10% -> 66472.163
A90: Итого: | E90: =SUM(E7:E89) -> 626971.53
A92: Всего за период с "01" января 2017 г. по "31"декабря 2017 г. выполнено работ (оказано услуг)
A93: на общую сумму 620 755,43 (Шестьсот двадцать тысяч семьсот пятьдесят пять) рублей 43 коп.
A94: Работы (услуги) выполнены (оказаны) полностью, в установленные сроки, с надлежащим качеством.
A95: Претензий по выполнению условий Договора Стороны друг к другу не имеют.
A96: Настоящий Акт составлен в 2-х экземплярах, имеющих одинаковую юридическую силу,
A97: по одному для каждой из Сторон.
A99: Подписи Сторон:
A101: Исполнитель - Директор ООО "ЖЭУ № 6" Плотников А.А. | C101: __________________________
A102: (должность, ФИО) | C102: (подпись)
A104: Заказчик - ____________________________________________________ | C104: __________________________
A105: (ФИО) | C105: (подпись)

Sheet Бюджет
A1: Отчет по бюджету № 76/8-2017
A3: Период: с 01.01.2017 по 31.12.2017 года.
A5: Строение / По типу работ | B5: Расходы | C5: Начисления | D5: Поступления
A6: Долг за выполненные работы на 01.01.2017 г. | B6: 42996.88
A7: Cодержание жилья | C7: 414431.04 | D7: 479078.8
A8: Аренда общего имущества МКД | C8: 34900 | D8: 3768.32
A9: Вознаграждение председателю совета дома | C9: 21147 | D9: 11649.13
A10: Вывоз и утилизация ТКО | C10: 79512.72 | D10: 94316.32
A11: Вывоз и утилизация ТКО для нежилых помещений
A12: ГВС на содержание общ. имущества | C12: 10290.3 | D12: 6269.69
A13: Обслуживание ВДГО | C13: 16494.72 | D13: 18678.39
A14: Обслуживание ОДПУ | C14: 24530.52 | D14: 15790.4
A15: Отведение сточных вод на содержание общ. им-ва | C15: 3297.64
A16: Техническое обслуживание нежилых помещений | C16: 42377.5 | D16: 42572.59
A17: ХВС на содержание общ. имущества | C17: 2707.71 | D17: 3340.3
A18: Электрическая энергия на содержание общ. имущества | C18: 15032.48 | D18: 3965.11
A19: Аварийное обслуживание | B19: =Акт!E7 -> 5884.01
A20: Благоустройство | B20: =SUM(Акт!E9:E11) -> 70045.89
A21: Вывоз и утилизация ТКО, в т.ч. крупногабаритного мусора | B21: =Акт!E13 -> 85091.81
A22: Изготовление плана благоустройства | B22: =Акт!E15 -> 5997.6
A23: Коммунальные ресурсы на содержание общ. имущества МКД | B23: =SUM(Акт!E17:E20) -> 22341.63
A24: Обслуживание и текущий ремонт электрооборудования жилых домов | B24: =Акт!E22 -> 10015.93
A25: Обслуживание инженерного оборудования | B25: =SUM(Акт!E24:E46) -> 65310.59
A26: Обслуживание конструктивных элементов | B26: =SUM(Акт!E48:E60) -> 29591.93
A27: Обслуживание ОДПУ | B27: =Акт!E62 -> 21600
A28: Расходы на истребование задолженности по оплате жилых помещений | B28: =Акт!E64 -> 2425.84
A29: Текущий ремонт инженерного оборудования | B29: =SUM(Акт!E66:E69) -> 6585.54
A30: Текущий ремонт конструктивных элементов жилых зданий | B30: =SUM(Акт!E71:E78) -> 5348.12
A31: Транспортные расходы | B31: =SUM(Акт!E80:E81) -> 24012.88
A32: Уборка лестничных клеток | B32: =Акт!E83 -> 98217.67
A33: Уборка придомовой территории | B33: =Акт!E85 -> 103649.06
A34: Уборка чердаков и подвалов | B34: =Акт!E87 -> 4380.87
A35: Услуги по управлению МКД | B35: =Акт!E89 -> 66472.163
A36: Итого: | B36: =SUM(B7:B35) -> 626971.53 | C36: =SUM(C7:C35) -> 664721.63 | D36: =SUM(D7:D35) -> 679429.05
A37: Резерв (доходы за минусом расходов) на 01.01.2018 г. - 2 514,69 руб. | E37: =D36-B6-B36 -> 9460.637
A38: Задолженность по оплате за содержание и текущий ремонт на 01.01.2018 г. - 403 875,83 руб.
A40: Директор ООО "ЖЭУ №6" Плотников А.А. __________________
A41: Отчет составил: экономист Сундукова Ю.А. _______________
A42: Отчет получил: ________________________________________________________
A43: Дата __________________

Sheet 2018
A1: Отчет по бюджету № 76/8-2018
A3: Период: с 01.01.2018 по 31.12.2018 года.
A5: ОБЩИЕ СВЕДЕНИЯ ОБ ОБЪЕКТЕ
A6: Этажность | B6: 4 | C6: Общая жилая площадь, м2 | D6: 3524.5 | E6: Площадь кровли, м2 | F6: 1728
A7: Количество подъездов | B7: 4 | C7: Площадь нежилых помещений, м2 | D7: 247.3 | E7: Площадь чердаков, м2 | F7: 1152
A8: Количество квартир | B8: 61 | C8: Площадь л/ клеток, тамбуров, лифтов, м/камер, м2 | D8: 420.5 | E8: Площадь подвалов, м2 | F8: 621.4
A11: Наименование | F11: Значение
A12: Корректировка бюджета за 2017 год | F12: 10231.49
A13: Переходящие остатки денежных средств за выполненые работы (на начало периода; + резерв, - долг) | F13: =2514.69+F12 -> 12746.18
A14: Задолженность по оплате за содержание и текущий ремонт общего имущества МКД (на начало периода) | F14: =180071.6+4126.22 -> 184197.82
A15: Начислено за работы (услуги) по содержанию и текущему ремонту и аренду общего имущества МКД, в том числе: | F15: =SUM(F16:F18) -> 670225.06
A16: - за жилые помещения | F16: =609600.27+13949.71 -> 623549.98
A17: - за нежилые помещения | F17: 44425.08
A18: - за рекламу и аренду общего имущества МКД | F18: 2250
A19: Получено денежных средств, в т. ч: | F19: =SUM(F20:F22) -> 674302.36
A20: - за жилые помещения | F20: 629449.88
A21: - за нежилые помещения | F21: 42789.98
A22: - за рекламу и аренду общего имущества МКД | F22: 2062.5
A23: Всего денежных средств с учетом остатков | F23: =F13+F19 -> 687048.54
A24: Выполненные работы (оказанные услуги) по содержанию общего имущества и текущему ремонту в отчетном периоде | F24: ='Акт (2)'!E114 -> 652360.62
A25: Переходящие остатки денежных средств за выполненые работы (на конец периода; + резерв, - долг) | F25: =F23-F24 -> 34687.919
A26: Задолженность по оплате за содержание и текущий ремонт общего имущества МКД (на конец периода) | F26: =F14+F15-F19 -> 180120.52
A28: Директор ООО "ТРЭК" Плотников А.А. __________________
A29: Отчет составил: экономист Осипова М.С. _______________
A30: Отчет получил: ________________________________________________________
A31: Дата __________________

Sheet Акт (2)
A1: АКТ № 76/8-2018
A2: приемки оказанных услуг и (или) выполненных работ по содержанию и текущему ремонту общего имущества в многоквартирном доме № 8 квартала 76.
A3: г. Ангарск | D3: "31" марта 2019 г.
A5: Наименование вида работы (услуги) | B5: Периодичность/ количественный показатель выполненной работы (оказанной услуги) | C5: Единица измерения работы (услуги) | D5: Стоимость /сметная стоимость выполненной работы (оказанной услуги) за единицу | E5: Цена выполненной работы (оказанной услуги), в рублях
A6: Аварийное обслуживание
A7: Аварийное обслуживание | B7: Ежедневно | C7: руб. | D7: =E7 -> 5884.01 | E7: 5884.01
A8: Благоустройство
A9: Валка деревьев в городских условиях: (липа, сосна, кедр, тополь) д. более 300мм | B9: 5.82 | C9: 1 м3 | D9: =E9/B9 -> 1947.555 | E9: 11334.77
A10: Вывозка порубочных остатков на расстояние 22 км (класс груза 3) | B10: 2.44 | C10: т | D10: =E10/B10 -> 804.54098 | E10: 1963.08
A11: Санитарная обработка деревьев | B11: По факту | C11: 1 дерево | D11: =E11 -> 350 | E11: 350
A12: Завоз песка, ПГС, щебня, земли | B12: По факту | C12: руб. | D12: =E12 -> 4500 | E12: 4500
A13: Окраска горки-домика | B13: 0.12 | C13: 100 м2 | D13: =E13/B13 -> 17787 | E13: 2134.44
A14: Окраска деревянного домика-песочницы | B14: 0.06 | C14: 100 м2 | D14: =E14/B14 -> 17728.5 | E14: 1063.71
A15: Окраска известковыми составами: по кирпичу и бетону (бордюр. столбики, столбы) | B15: 0.268 | C15: 100 м2 | D15: =E15/B15 -> 4722.5 | E15: 1265.63
A16: Окраска качели-балансир | B16: 2 | C16: шт | D16: =E16/B16 -> 605.295 | E16: 1210.59
A17: Окраска МАФ по дереву - штахетный забор | B17: 0.06 | C17: 100 м2 | D17: =E17/B17 -> 18535.833 | E17: 1112.15
A18: Окраска скамейки без спинки | B18: 1 | C18: шт | D18: =E18/B18 -> 303.82 | E18: 303.82
A19: Окраска урны | B19: 0.008 | C19: 100 м2 | D19: =E19/B19 -> 27716.25 | E19: 221.73
A20: Погрузка порубочных остатков | B20: 2.44 | C20: т | D20: =E20/B20 -> 553.79918 | E20: 1351.27
A21: Приварка шарнира, скобы, приварка швов на МАФ | B21: 1 | C21: шт | D21: =E21/B21 -> 905.3 | E21: 905.3
A22: Утилизация ТБО | B22: 2.44 | C22: т | D22: =E22/B22 -> 1394.873 | E22: 3403.49
A23: Вознаграждение председателю совета дома
A24: Вознаграждение председателю совета дома | C24: руб. | D24: =E24 -> 20135.1 | E24: 20135.1
A25: Вознаграждение председателю совета дома 2017 год | C25: руб. | D25: =E25 -> 20364.52 | E25: 20364.52
A26: Вывоз и утилизация ТКО, в т.ч. крупногабаритного мусора
A27: Вывоз и утилизация ТКО, в т.ч. крупногабаритный мусор | B27: Ежедневно | C27: руб. | D27: =E27 -> 90523.2 | E27: 90523.2
A28: Коммунальные ресурсы на содержание общ. имущества МКД
A29: Коммунальные ресурсы на содержание общего имущества МКД | B29: По факту | C29: руб. | D29: =E29 -> 24842.88 | E29: 24842.88
A30: Обслуживание газового оборудования
A31: Техобслуживание газового оборудования | B31: По договору | C31: 1 стояк | D31: =E31 -> 18264.82 | E31: 18264.82
A32: Обслуживание и текущий ремонт электрооборудования жилых домов
A33: Обслуживание и текущий ремонт электрооборудования жилых домов | B33: По плану | C33: руб. | D33: =E33 -> 10127.85 | E33: =855.23+9272.62 -> 10127.85
A34: Обслуживание инженерного оборудования
A35: Запуск потока воды: отопление, ГВС | B35: 1 | C35: 1 узел | D35: =E35/B35 -> 83.75 | E35: 83.75
A36: Запуск системы отопления. | B36: 1 | C36: 1 здание | D36: =E36/B36 -> 839.52 | E36: 839.52
A37: Опрессовка ТУ диаметром: до 100 мм | B37: 0.09 | C37: 100 м | D37: =E37/B37 -> 6088.8889 | E37: 548
A38: Осмотр выпусков канализации (засоры, подпоры) прим. | B38: 1 | C38: 1 здание | D38: =E38/B38 -> 254.67 | E38: 254.67
A39: Осмотр подъездов, подвального помещения - по жалобе | B39: 0.2 | C39: 1000 м2 | D39: =E39/B39 -> 3345 | E39: 669
A40: Осмотр системы центрального отопления, устройств в чердачных и подвальных помещениях. | B40: 1.32 | C40: 1000 м2 | D40: =E40/B40 -> 1684.4242 | E40: 2223.44
A41: Осмотр СТО | B41: 0.05 | C41: 100 квартир | D41: =E41/B41 -> 25034.6 | E41: 1251.73
A42: Осмотр СТО в чердачных и подвальных помещениях (весенний и осенний) | B42: 6.159 | C42: 1000 м2 | D42: =E42/B42 -> 1678.7644 | E42: 10339.51
A43: Осмотр, проверка работы приборов ИТП | B43: 0.02 | C43: 100 квартир | D43: =E43/B43 -> 24862 | E43: 497.24
A44: Отключение системы отопления (консервация) - прим. | B44: 1 | C44: 1 здание | D44: =E44/B44 -> 503.4 | E44: 503.4
A45: Очистка канализационной сети: внутренней | B45: 0.2 | C45: 100 м | D45: =E45/B45 -> 14739.8 | E45: 2947.96
A46: Переборка сборки диаметром: 20 мм | B46: 1 | C46: 1 участок | D46: =E46/B46 -> 953.95 | E46: 953.95
... A49: Подготовка элеваторного узла Д-80 к зиме | B49: 1 | C49: шт | D49: =E49/B49 -> 5327.8 | E49: 5327.8
A50: Промывка выпусков канализации (устранение засора) | C50: руб. | D50: =E50 -> 10848 | E50: 10848
A51: Промывка трубопровода системы отопления | B51: 18051 | C51: м3 | D51: =E51/B51 -> 1.173202 | E51: 21177.47
A52: Регулировка системы отопления | B52: 1 | C52: шт | D52: =E52/B52 -> 1254.21 | E52: 1254.21
A53: Ремонт смесителя без душа, без снятия с места, смена прокладок | B53: 1 | C53: 1 смеситель | D53: =E53/B53 -> 98.37 | E53: 98.37
A54: Снятие и запись замера в наряде (ИТП,РХВ) | B54: 30 | C54: 1 ИТП | D54: =E54/B54 -> 254.20733 | E54: 7626.22
A55: Устранение течи из гибких подводок присоединения санитарных приборов | B55: 3 | C55: 1 соединение | D55: =E55/B55 -> 117.56 | E55: 352.68
A56: Обслуживание конструктивных элементов
A57: Закрытие слуховых окон и люков выхода на кровлю | B57: 0.6 | C57: 10 шт. | D57: =E57/B57 -> 1880.6333 | E57: 1128.38
A58: М. Ремонт оконных переплетов (пристрожка, установка угольников, укрепление) | B58: 3 | C58: 1 створка | D58: =E58/B58 -> 344.18 | E58: 1032.54
A59: М. Ремонт слухового окна (пристрожка, укрепление) | B59: 4 | C59: 1 створка | D59: =E59/B59 -> 317.1675 | E59: 1268.67
A60: Осмотр квартир | B60: 0.02 | C60: 100 квартир | D60: =E60/B60 -> 26505 | E60: 530.1
A61: Осмотр кровли, чердака, подъездов, подвального помещения -подготовка к зиме | B61: 2.193 | C61: 1000 м2 | D61: =E61/B61 -> 1651.2585 | E61: 3621.21
A62: Открытие подвальных окон | B62: 0.096 | C62: 10 м2 | D62: =E62/B62 -> 582.70833 | E62: 55.94
A63: Очистка кровли от снега, сбивание сосулей | B63: 189.85 | C63: 1 м 2 основания | D63: =E63/B63 -> 66.552278 | E63: 12634.95
A64: Очистка желобов от мусора: вручную (при расчете 1 кг. мусора = 3 м 1 желоба) - в. | B64: 5 | C64: м | D64: =E64/B64 -> 64.958 | E64: 324.79
A65: Плановые проверки вентиляционных каналов и оголовков | C65: м2 | D65: =E65 -> 19806.44 | E65: 19806.44
A66: Проверка исправности канализационных вытяжек (по жалобе) | B66: 0.6 | C66: 1000 м2 | D66: =E66/B66 -> 1770.3333 | E66: 1062.2
A67: Проверка наличия тяги в ДВ и вент. каналах | B67: 0.11 | C67: 1000 м2 | D67: =E67/B67 -> 1853.1818 | E67: 203.85
A68: Прочистка вентиляционных каналов | B68: 0.07 | C68: 100 м | D68: =E68/B68 -> 10995.429 | E68: 769.68
A69: Смена дверных приборов: навесного замка | B69: 0.02 | C69: 100 приборов | D69: =E69/B69 -> 31150 | E69: 623
A70: Смена дверных приборов: накладка дверная | B70: 0.02 | C70: 100 приборов | D70: =E70/B70 -> 31231.5 | E70: 624.63
A71: Смена оконных приборов: завертки форточные | B71: 0.03 | C71: 100 шт. | D71: =E71/B71 -> 17608.333 | E71: 528.25
A72: Смена стекол в деревянных переплетах при площади стекла до: 0,25 м | B72: 0.01 | C72: 100 м2 | D72: =E72/B72 -> 182323 | E72: 1823.23
A73: Смена стекол в деревянных переплетах при площади стекла до: 0,5 м | B73: 0.01 | C73: 100 м2 | D73: =E73/B73 -> 136077 | E73: 1360.77
A74: Укрепление дверных приборов: петли (шарниры), шпингалеты, ручки накладные | B74: 0.01 | C74: 100 шт. | D74: =E74/B74 -> 42410 | E74: 424.1
A75: Обслуживание ОДПУ
A76: Техническое обслуживание ОДПУ | B76: По договору | C76: руб. | D76: =E76 -> 21600 | E76: 21600
A77: Расходы на истребование задолженности по оплате жилых помещений
A78: Истребование дебиторской задолженности | B78: По факту | C78: руб. | D78: =E78 -> 5628.88 | E78: 5628.88
A79: Текущий ремонт инженерного оборудования
A80: Осмотр замеры рамок холодной воды | B80: 0.01 | C80: чел.-ч | D80: =E80/B80 -> 25297 | E80: 252.97
A81: Ремонт, укрепление металлических ограждении | B81: 0.735 | C81: м2 | D81: =E81/B81 -> 865.2517 | E81: 635.96
A82: Смена вентилей Д-15 | B82: 2 | C82: шт | D82: =E82/B82 -> 756.575 | E82: 1513.15
A83: Текущий ремонт конструктивных элементов жилых зданий
A84: Демонтаж-монтаж жалюзийных решеток | B84: 0.01 | C84: 100 шт. | D84: =E84/B84 -> 20842 | E84: 208.42
A85: Железнение цементных покрытий | B85: 0.029 | C85: 100 м2 | D85: =E85/B85 -> 7078.2759 | E85: 205.27
A86: Монтаж п/ящиков (1 блок, 4 секции) | B86: 0.011 | C86: т | D86: =E86/B86 -> 21252.727 | E86: 233.78
A87: Обрамление ступеней угловой сталью | B87: 0.02 | C87: т | D87: =E87/B87 -> 75117 | E87: 1502.34
A88: Постановка заклепок в местах соединения труб | B88: 0.24 | C88: 100 шт. | D88: =E88/B88 -> 4123.75 | E88: 989.7
A89: Приготовление тяжелого бетона: на гравии класса В20 (М250) | B89: 0.003 | C89: 100 м3 | D89: =E89/B89 -> 509986.67 | E89: 1529.96
A90: Разборка покрытий полов: цементных | B90: 0.029 | C90: 100 м2 | D90: =E90/B90 -> 65775.862 | E90: 1907.5
A91: Ремонт дверных полотен (выдергивание гвоздей, подгонка, установка, укрепление притворной планки) | B91: 1 | C91: шт | D91: =E91/B91 -> 363.39 | E91: 363.39
A92: Ремонт и восстановление герметизации дверных и оконных проемов монтажной пеной | B92: 0.022 | C92: 100 м | D92: =E92/B92 -> 25542.273 | E92: 561.93
A93: Ремонт существующего крыльца железобетоном | B93: 0.294 | C93: м3 | D93: =E93/B93 -> 21494.728 | E93: 6319.45
A94: Ремонт штукатурки цоколя площадью отдельных мест до 5м2 толщиной слоя до 20 мм | B94: 0.005 | C94: 100 м2 | D94: =E94/B94 -> 88896 | E94: 444.48
A95: Ремонт, укрепление перегородки | B95: 0.1 | C95: 10 шт. | D95: =E95/B95 -> 6181.7 | E95: 618.17
... A102: Устройство: трапов ходовых на крыльце | B102: 0.023 | C102: 100 п. м ходов | D102: =E102/B102 -> 12038.696 | E102: 276.89
A103: Транспортные расходы
A104: Услуги автотранспорта | B104: По факту | C104: руб. | D104: =E104 -> 4000 | E104: 4000
A105: Уборка лестничных клеток
A106: Уборка л/клеток | B106: По тарифу | C106: м2 | D106: =E106 -> 90070.58 | E106: 90070.58
A107: Уборка придомовой территории
A108: Уборка придомовой территории | B108: По тарифу | C108: м2 | D108: =E108 -> 102291.22 | E108: 102291.22
A109: Услуги по вывозу и утилизации листвы, веток, деревьев, скошенной травы , смета и др. | B109: По факту | C109: руб. | D109: =E109 -> 3380.41 | E109: 3380.41
...

Sheet 2019
A1: Отчет по бюджету № 76/8-2019
A3: Период: с 01.01.2019 по 31.12.2019 года.
A5: ОБЩИЕ СВЕДЕНИЯ ОБ ОБЪЕКТЕ
A6: Этажность | B6: 4 | C6: Общая жилая площадь, м2 | D6: 3524.5 | E6: Площадь кровли, м2 | F6: 1728
A7: Количество подъездов | B7: 4 | C7: Площадь нежилых помещений, м2 | D7: 247.3 | E7: Площадь чердаков, м2 | F7: 1152
A8: Количество квартир | B8: 61 | C8: Площадь л/ клеток, тамбуров, лифтов, м/камер, м2 | D8: 420.5 | E8: Площадь подвалов, м2 | F8: 621.4
A11: Наименование | F11: Значение
A12: Переходящие остатки денежных средств за выполненые работы (на начало периода; + резерв, - долг) | F12: 34687.919
A13: Задолженность по оплате за содержание и текущий ремонт общего имущества МКД (на начало периода) | F13: 180120.52
A14: Начислено за работы (услуги) по содержанию и текущему ремонту и аренду общего имущества МКД, в том числе: | F14: =SUM(F15:F17) -> 613426.84
A15: - за жилые помещения | F15: =1200+572028.9-2255.56 -> 570973.34
A16: - за нежилые помещения | F16: 39978.5
A17: - за рекламу и аренду общего имущества МКД | F17: 2475
A18: Получено денежных средств, в т. ч: | F18: =SUM(F19:F21) -> 643950.75
A19: - за жилые помещения | F19: =594610.67+1200 -> 595810.67
A20: - за нежилые помещения | F20: 45733.83
A21: - за рекламу и аренду общего имущества МКД | F21: 2406.25
A22: Всего денежных средств с учетом остатков | F22: =F12+F18 -> 678638.67
A23: Выполненные работы (оказанные услуги) по содержанию общего имущества и текущему ремонту в отчетном периоде | F23: =Лист3!E103 -> 529144.1
A24: Переходящие остатки денежных средств за выполненые работы (на конец периода; + резерв, - долг) | F24: =F22-F23 -> 149494.57
A25: Задолженность по оплате за содержание и текущий ремонт общего имущества МКД (на конец периода) | F25: =F13+F14-F18 -> 149596.61
A27: Директор ООО "ТРЭК" Плотников А.А. __________________
A28: Отчет составил: экономист Осипова М.С. _______________
A29: Отчет получил: ________________________________________________________
A30: Дата __________________

Sheet Лист3
A2: .
B3: АКТ № 76/8
B4: приемки оказанных услуг и (или) выполненных работ по содержанию
B5: и текущему ремонту общего имущества в многоквартирном доме
A6: г. Ангарск | E6: 31 марта 2020 г.
A8: Собственники помещений в многоквартином доме, расположенном по адресу: ________________________ , именуемые в дальнейшем "Заказчик", в лице ___________________________________________________________________________________,
A9: являющегося собственником квартиры № _____, находящейся в данном многоквартирном доме, действующего на основании протокола общего собрания собственников, с одной стороны, и управляющая компания ООО "ТРЭК", именуемая в дальнейшем
A10: "Исполнитель", в лице директора Плотникова А.А., действующего на основании Устава, с другой стороны, совместно именуемые "Стороны", составили настоящий акт о нижеследующем:
A11: 1. Исполнителем предъявлены к приемке следующие оказанные на основании договора управления многоквартирным домом или договора оказания услуг по содержанию и (или) выполнению работ по ремонту общего имущества в многоквартирном
A12: доме, либо договора подряда по выполнению работ по ремонту общего имущества в многоквартирном доме (указать нужное) № _______ от "____" ___________________ ______ г. (далее - "Договор") услуги и (или) выполненные работы по содержанию
A13: и текущему ремонту общего имущества в многоквартирном доме № _____, расположенном по адресу: ______________________:
A15: Наименование вида работы (услуги) | B15: Периодичность / количественный показатель выполненной работы (оказанной услуги) | C15: Единица измерения работы (услуги) | D15: Стоимость / сметная стоимость выполненной работы (оказанной услуги) за единицу | E15: Цена выполненной работы (оказанной услуги), в рублях
A16: Аварийное обслуживание
A17: Аварийное обслуживание | B17: Ежедневно | C17: руб. | D17: 0.13 | E17: 5884.01
A18: Благоустройство и обеспечение санитарного состояния МКД и придомовой територии
A19: Завоз песка, ПГС, щебня, земли | B19: По факту | D19: =E19 -> 2666.67 | E19: 2666.67
A20: Уборка придомовой территории и лестничных клеток | B20: По тарифу | C20: м2 | D20: =E20 -> 193604.42 | E20: 193604.42
A21: Уборка чердаков и подвалов | B21: По тарифу | C21: м2 | D21: =E21 -> 6644.07 | E21: =4380.87+2263.2 -> 6644.07
A22: Услуги спец.техники по благоустройству (очистка наледи, снега) | B22: По факту | C22: руб. | D22: =E22 -> 1062.95 | E22: 1062.95
A23: Вознаграждение председателю совета дома
A24: Вознаграждение председателю совета дома | B24: По факту | C24: руб. | D24: =E24 -> 23136.17 | E24: 23136.17
A25: Коммунальные ресурсы на содержание общ. имущества МКД
A26: Коммунальные ресурсы на содержание общего имущества МКД | B26: По факту | C26: руб. | D26: =E26 -> 21782.88 | E26: 21782.88
A27: Обслуживание газового оборудования
A28: Диагностирование газового оборудования | B28: По договоу | C28: руб. | D28: =E28 -> 28350 | E28: 28350
A29: Техобслуживание газового оборудования | B29: По договоу | C29: 16 стояков | D29: =E29 -> 13600 | E29: 13600
A30: Обслуживание и текущий ремонт инженерного оборудования
A31: Демонтаж- монтаж кранов: водоразборных и туалетных | B31: 0.01 | C31: 100 шт. | D31: =E31/B31 -> 15203 | E31: 152.03
A32: Регулировка температуры отопления в ИТП вентилями | B32: 1 | C32: шт | D32: =E32/B32 -> 303.61 | E32: 303.61
A33: Смена отдельных участков трубопроводов диаметром: 15 мм | B33: 1 | C33: 1 участок | D33: =E33/B33 -> 994.23 | E33: 994.23
A34: Смена отдельных участков трубопроводов диаметром: 20 мм | B34: 1 | C34: 1 участок | D34: =E34/B34 -> 1102.47 | E34: 1102.47
A35: Смена отдельных участков трубопроводов канализации из полиет. труб высокой пл-ти: гориз. д 50 мм | B35: 1 | C35: 1 участок | D35: =E35/B35 -> 1029.88 | E35: 1029.88
A36: Запуск потока воды: отопление, ГВС | B36: 2 | C36: 1 узел | D36: =E36/B36 -> 90.975 | E36: 181.95
A37: Опрессовка ТУ диаметром: до 100 мм | B37: 1 | C37: 100 м | D37: =E37/B37 -> 812.33 | E37: 812.33
A38: Осмотр подвальных помещений и выпуска при подпоре | B38: 3 | C38: 1 осмотр | D38: =E38/B38 -> 544.80333 | E38: 1634.41
A39: Осмотр подъездов, подвального помещения чердачного помещения | B39: 0.5 | C39: 1000 м2 | D39: =E39/B39 -> 3642.3 | E39: 1821.15
A40: Осмотр системы центрального отопления, устройств в чердачных и подвальных помещениях. | B40: 0.1 | C40: 1000 м2 | D40: =E40/B40 -> 1791.3 | E40: 179.13
A41: Осмотр СТО | B41: 0.15 | C41: 100 квартир | D41: =E41/B41 -> 27098.667 | E41: 4064.8
A42: Осмотр СТО в чердачных и подвальных помещениях (весенний и осенний) | B42: 4.383 | C42: 1000 м2 | D42: =E42/B42 -> 1805.2658 | E42: 7912.48
... A48: Подготовка элеваторного узла | B48: 1 | C48: шт | D48: =E48/B48 -> 7308.67 | E48: 7308.67
A49: Промывка выпусков канализации (устранение засора) | B49: По договоу | C49: руб. | D49: =E49 -> 12540 | E49: 12540
A50: Промывка трубопровода системы отопления | B50: 18051 | C50: м3 | D50: =E50 -> 21177.47 | E50: 21177.47
A51: Расконсервация системы отопления | B51: 1 | C51: 1 узел | D51: =E51/B51 -> 1679.59 | E51: 1679.59
A52: Сдача ИТП представителю энергоснабжающей организации | B52: 1 | C52: 1 ИТП | D52: =E52/B52 -> 716.63 | E52: 716.63
A53: Сдача РХВ представителю водоканала, составление акта | B53: 1 | C53: 1 ИТП | D53: =E53/B53 -> 604.44 | E53: 604.44
A54: Смена заглушек на обратный клапан АЭРАТОР диаметром: до 50 мм | B54: 0.01 | C54: 100 шт. | D54: =E54/B54 -> 73231 | E54: 732.31
A55: Снятие и запись замера в наряде (ИТП,РХВ) | B55: 33 | C55: 1 ИТП | D55: =E55/B55 -> 271.54182 | E55: 8960.88
A56: Обслуживание и текущий ремонт конструктивных элементов
A57: Заделка подвальных окон: (изовером, пенопропиленом и тд) | B57: 0.219 | C57: 10 м2 | D57: =E57/B57 -> 2583.6986 | E57: 565.83
A58: Окраска фасадов ВДК с подготовкой | B58: 2 | C58: м2 | D58: =E58/B58 -> 486.225 | E58: 972.45
A59: Окраска цементным молочком за 1 раз ранее окрашенных фасадов | B59: 0.03 | C59: 100 м2 | D59: =E59/B59 -> 12123.333 | E59: 363.7
A60: Окраска эмалевыми составами по дереву с подготовкой поверхности: заполнений дверных проемов | B60: 0.075 | C60: 100 м2 | D60: =E60/B60 -> 38428.133 | E60: 2882.11
A61: Ремонт дверных полотен | B61: 0.02 | C61: 100 шт. | D61: =E61/B61 -> 129076.5 | E61: 2581.53
A62: Ремонт и восстановление герметизации стыков мастикой | B62: 0.008 | C62: 100 м | D62: =E62/B62 -> 21962.5 | E62: 175.7
A63: Ремонт штакетного забора. | B63: 0.02 | C63: 100 м | D63: =E63/B63 -> 23237.5 | E63: 464.75
A64: Ремонт штукатурки фасадов с грунтовкой (вывалы) | B64: 0.41 | C64: м2 | D64: =E64/B64 -> 2456.0976 | E64: 1007
A65: Смена воронки с вышки | B65: 0.01 | C65: 100 шт. | D65: =E65/B65 -> 183684 | E65: 1836.84
A66: Смена дверных приборов: ручки-скобы | B66: 0.02 | C66: 100 приборов | D66: =E66/B66 -> 22301 | E66: 446.02
A67: Смена дверных приборов: шпингалеты | B67: 0.02 | C67: 100 приборов | D67: =E67/B67 -> 74886 | E67: 1497.72
A68: Смена мелких покрытий из листовой стали. | B68: 0.053 | C68: 100 м | D68: =E68/B68 -> 91695.849 | E68: 4859.88
... A85: Очистка канализационного стояка от наледи | B85: 5 | C85: 1 стояк | D85: =E85/B85 -> 140.278 | E85: 701.39
A86: Плановые проверки вентиляционных каналов и оголовков | B86: По графику | C86: 1000 м2 | D86: =E86 -> 5701.88 | E86: 5701.88
A87: Проверка исправности канализационных вытяжек | B87: 14 | C87: 1 кв | D87: =E87/B87 -> 249.93429 | E87: 3499.08
A88: Проверка исправности канализационных вытяжек (по жалобе) | B88: 0.4 | C88: 1000 м2 | D88: =E88/B88 -> 1597.85 | E88: 639.14
A89: Проверка наличия тяги в ДВ и вент. каналах | B89: 0.12 | C89: 1000 м2 | D89: =E89/B89 -> 1930.1667 | E89: 231.62
A90: Прочистка вентиляционных каналов | B90: 0.08 | C90: 100 м | D90: =E90/B90 -> 11594.25 | E90: 927.54
A91: Смена дверных приборов: навесного замка | B91: 0.01 | C91: 100 приборов | D91: =E91/B91 -> 34013 | E91: 340.13
A92: Смена дверных приборов: пружин | B92: 0.01 | C92: 100 приборов | D92: =E92/B92 -> 35398 | E92: 353.98
A93: Смена стекол в деревянных переплетах при площади стекла до: 0,25 м | B93: 0.006 | C93: 100 м2 | D93: =E93/B93 -> 198620 | E93: 1191.72
A94: Обслуживание и текущий ремонт электрооборудования жилых домов
A95: Обслуживание и текущий ремонт электрооборудования жилых домов | B95: По договоу | C95: руб. | D95: =E95 -> 11192.64 | E95: 11192.64
A96: Обслуживание ОДПУ
A97: Техническое обслуживание ОДПУ | B97: По договоу | C97: руб. | D97: =E97 -> 21600 | E97: 21600
A98: Расходы на истребование задолженности по оплате жилых помещений
A99: Истребование дебиторской задолженности | B99: По факту | C99: руб. | D99: =E99 -> 3020.3 | E99: 3020.3
A100: Услуги по управлению МКД
A101: Услугу по контролю капитального ремонта | E101: 4320
A102: Услуги по управлению МКД | B102: Ежедневно | C102: руб. | D102: =E102 -> 48104.009 | E102: =SUM(E17:E101)*10% -> 48104.009
A103: Итого: | E103: =SUM(E16:E102) -> 529144.1
A106: 2. Всего за период с "01"января 2019 г. по "31"декабря 2019 г. выполнено работ на общую сумму 529144.10 руб. (Пятьсот двадцать девять тысяч сто сорок четыре рубля 10 копеек)
A107: 3. Работы (услуги) выполнены (оказаны) полностью, в установленные сроки, с надлежащим качеством.
A108: 4. Претензий по выполнению условий Договора Стороны друг к другу не имеют.
A109: Настоящий акт составлен в 2-х экземплярах, имеющих одинаковую юридическую силу, по одному для каждой из Сторон.
A112: Исполнитель - Директор ООО "ТРЭК" Плотников А.А.
A113: ________________________________________ ____________________________________
D114: (подпись)
A116: Заказчик - ________________________________________ __________________________________
D117: (подпись)

Sheet 2020
A1: Отчет по бюджету № 76/8-2020
A3: Период: с 01.01.2020 по 31.12.2020 года.
A5: ОБЩИЕ СВЕДЕНИЯ ОБ ОБЪЕКТЕ
A6: Этажность | B6: 4 | C6: Общая жилая площадь, м2 | D6: 3524.5 | E6: Площадь кровли, м2 | F6: 1728
A7: Количество подъездов | B7: 4 | C7: Площадь нежилых помещений, м2 | D7: 247.3 | E7: Площадь чердаков, м2 | F7: 1152
A8: Количество квартир | B8: 61 | C8: Площадь л/ клеток, тамбуров, лифтов, м/камер, м2 | D8: 420.5 | E8: Площадь подвалов, м2 | F8: 621.4
A11: Наименование | F11: Значение
A12: Переходящие остатки денежных средств за выполненые работы (на начало периода; + резерв, - долг) | F12: 149494.57
A13: Задолженность по оплате за содержание и текущий ремонт общего имущества МКД (на начало периода) | F13: 149596.61
A14: Начислено за работы (услуги) по содержанию и текущему ремонту и аренду общего имущества МКД, в том числе: | F14: =SUM(F15:F17) -> 610655.15
A15: - за жилые помещения | F15: =630122.32-24098.74+1937.56-38074.23-1665.37 -> 568221.54
A16: - за нежилые помещения | F16: 39733.61
A17: - за рекламу и аренду общего имущества МКД | F17: 2700
A18: Получено денежных средств, в т. ч: | F18: =SUM(F19:F21) -> 593441.46
A19: - за жилые помещения | F19: =589253.9+1937.56-27521.38 -> 563670.08
A20: - за нежилые помещения | F20: 27521.38
A21: - за рекламу и аренду общего имущества МКД | F21: 2250
A22: Всего денежных средств с учетом остатков | F22: =F12+F18 -> 742936.03
A23: Выполненные работы (оказанные услуги) по содержанию общего имущества и текущему ремонту в отчетном периоде | F23: =Лист1!E94 -> 576432.26
A24: Переходящие остатки денежных средств за выполненные работы (на конец периода; + резерв, - долг) | F24: =F22-F23 -> 166503.77
A25: Задолженность по оплате за содержание и текущий ремонт общего имущества МКД (на конец периода) | F25: =F13+F14-F18 -> 166810.3
A27: Директор ООО "ТРЭК" Плотников А.А. __________________
A28: Отчет составил: экономист Осипова М.С. _______________
A29: Отчет получил: ________________________________________________________
A30: Дата __________________

Sheet Лист1
A2: .
B3: АКТ № 76/8
A4: приемки оказанных услуг и (или) выполненных работ по содержанию
A5: и текущему ремонту общего имущества в многоквартирном доме
A6: г. Ангарск | E6: 31 марта 2021 г.
A8: Собственники помещений в многоквартином доме, расположенном по адресу: ________________________ , именуемые в дальнейшем "Заказчик", в лице ___________________________________________________________________________________,
A9: являющегося собственником квартиры № _____, находящейся в данном многоквартирном доме, действующего на основании протокола общего собрания собственников, с одной стороны, и управляющая компания ООО "ТРЭК", именуемая в дальнейшем
A10: "Исполнитель", в лице директора Плотникова А.А., действующего на основании Устава, с другой стороны, совместно именуемые "Стороны", составили настоящий акт о нижеследующем:
A11: 1. Исполнителем предъявлены к приемке следующие оказанные на основании договора управления многоквартирным домом или договора оказания услуг по содержанию и (или) выполнению работ по ремонту общего имущества в многоквартирном
A12: доме, либо договора подряда по выполнению работ по ремонту общего имущества в многоквартирном доме (указать нужное) № _______ от "____" ___________________ ______ г. (далее - "Договор") услуги и (или) выполненные работы по содержанию
A13: и текущему ремонту общего имущества в многоквартирном доме № _____, расположенном по адресу: ______________________:
A15: Наименование вида работы (услуги) | B15: Периодичность / количественный показатель выполненной работы (оказанной услуги) | C15: Единица измерения работы (услуги) | D15: Стоимость / сметная стоимость выполненной работы (оказанной услуги) за единицу | E15: Цена выполненной работы (оказанной услуги), в рублях
A16: Аварийное обслуживание
A17: Аварийное обслуживание | B17: Ежедневно | C17: руб. | D17: 0.13 | E17: 5884.01
A18: Благоустройство и обеспечение санитарного состояния МКД и придомовой територии
A19: Валка деревьев без корчевки пня м-лиственных, тв-лиственных пород (кроме тополя) д.ствола до 24 см | B19: 1 | C19: 1 дерево | D19: =E19 -> 3338.48 | E19: 3338.48
A20: Вывоз листвы и смета | B20: По факту | C20: м2 | D20: =E20 -> 184.7 | E20: 184.7
A21: Дезинфекция мест общего пользования МКД | B21: По факту | C21: м2 | D21: =E21 -> 32799 | E21: 32799
A22: Окраска известковыми составами: по кирпичу и бетону (бордюр. столбики, столбы) | B22: По факту | C22: 100 м2 | D22: =E22 -> 1193.05 | E22: 1193.05
A23: Окраска известковыми составами: по кирпичу и бетону (бордюр. столбики, столбы) за 2019 год | B23: По факту | C23: 100 м2 | D23: =E23 -> 1062.95 | E23: 1062.95
A24: Окраска МАФ (песочницы, скамейки, качели, турники и т.д.) | B24: По факту | C24: шт | D24: =E24 -> 19135.39 | E24: 19135.39
A25: Ремонт деревянной катальной горки (Прим) | B25: 0.029 | C25: 100 м досок | D25: =E25/B25 -> 26868.276 | E25: 779.18
A26: Уборка придомовой территории и лестничных клеток | B26: По тарифу | C26: м2 | D26: =E26 -> 195530.11 | E26: 195530.11
A27: Уборка чердаков и подвалов | B27: По тарифу | C27: м2 | D27: =E27 -> 3168.2 | E27: 3168.2
A28: Услуги спец.техники по благоустройству (очистка наледи, снега) | B28: По факту | C28: руб. | D28: =E28 -> 3850 | E28: 3850
A29: Вознаграждение председателю совета дома
A30: Вознаграждение председателю совета дома | B30: По факту | C30: руб. | D30: =E30 -> 17035.73 | E30: 17035.73
A31: Дезинсекция и дератизация
A32: Санитарная обработка деревьев | B32: По договору | C32: шт | D32: =E32 -> 250 | E32: 250
A33: Коммунальные ресурсы на содержание общ. имущества МКД
A34: Коммунальные ресурсы на содержание общего имущества МКД | B34: По факту | C34: руб. | D34: =E34 -> 33292.76 | E34: 33292.76
A35: Обслуживание газового оборудования
A36: Техобслуживание газового оборудования | B36: По договору | C36: 16 стояков | D36: =E36 -> 15550 | E36: 15550
A37: Обслуживание и текущий ремонт инженерного оборудования
A38: Замена сборки Д-20 без спускника | B38: 1 | C38: шт | D38: =E38/B38 -> 1977.55 | E38: 1977.55
A39: Замена шарового крана Д-40 под приварку | B39: 1 | C39: шт | D39: =E39/B39 -> 4558.15 | E39: 4558.15
A40: Консервация системы отопления | B40: 1 | C40: 100 м | D40: =E40/B40 -> 724.61 | E40: 724.61
A41: Осмотр кровли,чердака,подъездов,подвала,фасада-после землетр-ия, в т.ч. рем-т выявленных повреждений | B41: По факту | C41: 1000 м2 | D41: =E41 -> 7644.37 | E41: 7644.37
A42: Регулировка температуры отопления в ИТП вентилями | B42: 3 | C42: шт | D42: =E42/B42 -> 380.99 | E42: 1142.97
A43: Смена отдельных участков трубопроводов диаметром: 32 мм | B43: 1 | C43: 1 участок | D43: =E43/B43 -> 1449.14 | E43: 1449.14
A44: Временная заделка свищей и трещин на внутренних трубопроводах и стояках. | B44: 1 | C44: 1 место | D44: =E44/B44 -> 263.39 | E44: 263.39
A45: Демонтаж вентелей, задвижек диаметром: до 100 мм | B45: 0.01 | C45: 100 шт. | D45: =E45/B45 -> 47735 | E45: 477.35
A46: Запуск потока воды: отопление, ГВС, ХВС | B46: 1 | C46: 1 узел | D46: =E46/B46 -> 101.47 | E46: 101.47
A47: Запуск системы отопления. | B47: 1 | C47: 1 здание | D47: =E47/B47 -> 1012.36 | E47: 1012.36
A48: Опрессовка тепловых узлов | B48: 1 | C48: 1 узел | D48: =E48/B48 -> 935.32 | E48: 935.32
A49: Осмотр подвальных помещений | B49: 0.17 | C49: 1000 м2 | D49: =E49/B49 -> 1813.7059 | E49: 308.33
A50: Осмотр подвальных помещений (засоры, подпоры) прим. | B50: 0.27 | C50: 1000 м2 | D50: =E50/B50 -> 2024.2963 | E50: 546.56
A51: Осмотр подвальных помещений и выпуска при подпоре | B51: 2 | C51: 1 осмотр | D51: =E51/B51 -> 1110.175 | E51: 2220.35
A52: Осмотр СТО | B52: 0.02 | C52: 100 квартир | D52: =E52/B52 -> 30203 | E52: 604.06
A53: Осмотр СТО в чердачных и подвальных помещениях (весенний и осенний) | B53: 4.383 | C53: 1000 м2 | D53: =E53/B53 -> 2008.768 | E53: 8804.43
... A58: Подготовка элеваторного узла | B58: 1 | C58: шт | D58: =E58/B58 -> 7235.04 | E58: 7235.04
A59: Промывка выпусков канализации (устранение засора) | B59: По факту | C59: руб. | D59: =E59 -> 5520 | E59: 5520
A60: Промывка трубопровода системы отопления | B60: 1 | C60: 1 здание | D60: =E60/B60 -> 21177.47 | E60: 21177.47
A61: Сдача ИТП представителю энергоснабжающей организации | B61: 1 | C61: 1 ИТП | D61: =E61/B61 -> 868.12 | E61: 868.12
A62: Сдача РХВ представителю водоканала, составление акта | B62: 0.01 | C62: 1 ИТП | D62: =E62/B62 -> 30424 | E62: 304.24
A63: Снятие и запись замера в наряде (ИТП,РХВ) | B63: 34 | C63: 1 ИТП | D63: =E63/B63 -> 300.79912 | E63: 10227.17
A64: Обслуживание и текущий ремонт конструктивных элементов
A65: Заделка выбоин в цементных полах площадью до: 0,5 м2 | B65: 0.03 | C65: 100 мест | D65: =E65/B65 -> 36555.667 | E65: 1096.67
A66: Изготовление щита из доски б/у | B66: 0.01 | C66: 100 м2 | D66: =E66/B66 -> 22083 | E66: 220.83
A67: Окраска клеевыми составами | B67: 0.018 | C67: 100 м2 | D67: =E67/B67 -> 7846.1111 | E67: 141.23
A68: Окраска масляными составами поручней и решеток перильного ограждения | B68: 0.067 | C68: 100 м2 | D68: =E68/B68 -> 21000.746 | E68: 1407.05
A69: Осмотр кровли,чердака,подъездов,подвала,фасада-после землетр-ия, в т.ч. рем-т выявленных повреждений | B69: По факту | C69: 1000 м2 | D69: =E69 -> 5210.38 | E69: 5210.38
A70: Переустановка перильного ограждения крыльца | B70: 1 | C70: шт | D70: =E70/B70 -> 2856.87 | E70: 2856.87
A71: Покрытие поверхностей грунтовкой глубокого проникновения: за 1 раз потолков | B71: 0.018 | C71: 100 м2 | D71: =E71/B71 -> 5066.1111 | E71: 91.19
A72: Ремонт штукатурки лестничных маршей и площадок. | B72: 0.018 | C72: 100 м2 | D72: =E72/B72 -> 183090 | E72: 3295.62
A73: Осмотр кровли, чердака, подъездов, подвального помещения - весенний осмотр | B73: 2.194 | C73: 1000 м2 | D73: =E73/B73 -> 2021.7776 | E73: 4435.78
A74: Осмотр кровли, чердака, подъездов, подвального помещения -подготовка к зиме | B74: 2.193 | C74: 1000 м2 | D74: =E74/B74 -> 2007.9982 | E74: 4403.54
A75: Очистка кровли от снега толщ. 10см, сбивание сосулей вышка | B75: 14 | C75: 1 м 1 основания | D75: =E75/B75 -> 81.385714 | E75: 1139.4
A76: Очистка кровли от снега, сбивание сосулей | B76: 48 | C76: 1 м 2 основания | D76: =E76/B76 -> 85.58125 | E76: 4107.9
A77: Плановые проверки вентиляционных каналов и оголовков | B77: По плану | C77: 1000 м2 | D77: =E77 -> 12031.73 | E77: 12031.73
A78: Ремонт (укрепление) конструкций дверей металлических | B78: 0.077 | C78: т | D78: =E78/B78 -> 25318.182 | E78: 1949.5
A79: Смена дверных приборов: навесного замка | B79: 0.01 | C79: 100 приборов | D79: =E79/B79 -> 30451 | E79: 304.51
A80: Смена дверных приборов: накладка дверная | B80: 0.02 | C80: 100 приборов | D80: =E80/B80 -> 36810 | E80: 736.2
A81: Укладка (установка) щитов | B81: 0.01 | C81: 100 м2 | D81: =E81/B81 -> 15921 | E81: 159.21
A82: Укрепление дверных приборов: петли (шарниры), шпингалеты, ручки накладные | B82: 0.01 | C82: 100 шт. | D82: =E82/B82 -> 52442 | E82: 524.42
A83: Обслуживание и текущий ремонт электрооборудования жилых домов
A84: Обслуживание и текущий ремонт электрооборудования жилых домов | B84: По договору | C84: руб. | D84: =E84 -> 10592.17 | E84: 10592.17
A85: Обслуживание ОДПУ
A86: Техническое обслуживание ОДПУ | B86: По договору | C86: руб. | D86: =E86 -> 21600 | E86: 21600
A87: Расходы на истребование задолженности по оплате жилых помещений. Содержание информационных систем
A88: Истребование дебиторской задолженности | B88: По факту | C88: руб. | D88: =E88 -> 1000 | E88: 1000
A89: Содержание информационных систем, обеспечивающих сбор, обработку и хранение данных | B89: По факту | C89: руб. | D89: =E89 -> 2036.77 | E89: 2036.77
A90: Текущий ремонт
A91: Устройство козырька над входом в подъезд | B91: По плану | C91: шт | D91: =E91 -> 7960.44 | E91: 7960.44
A92: Услуги по управлению МКД
A93: Услуги по управлению МКД | B93: Ежедневно | C93: руб. | D93: =E93 -> 52402.933 | E93: =SUM(E16:E92)*10% -> 52402.933
A94: Итого: | E94: =SUM(E16:E93) -> 576432.26
A97: 2. Всего за период с "01"января 2020 г. по "31"декабря 2020 г. выполнено работ на общую сумму 576432.26 руб. (Пятьсот семьдесят шесть тысяч четыреста тридцать два рубля 26 копеек)
A98: 3. Работы (услуги) выполнены (оказаны) полностью, в установленные сроки, с надлежащим качеством.
A99: 4. Претензий по выполнению условий Договора Стороны друг к другу не имеют.
A100: Настоящий акт составлен в 2-х экземплярах, имеющих одинаковую юридическую силу, по одному для каждой из Сторон.
A103: Исполнитель - Директор ООО "ТРЭК", Плотников А.А.
A104: ___________________________________________ ____________________________________
D105: (подпись)
A107: Заказчик - ________________________________________ __________________________________
D108: (подпись)

Sheet 2021
A1: Отчет по бюджету № 76/8-2021
A3: Период: с 01.01.2021 по 31.12.2021 года.
A5: ОБЩИЕ СВЕДЕНИЯ ОБ ОБЪЕКТЕ
A6: Этажность | B6: 4 | C6: Общая жилая площадь, м2 | D6: 3524.5 | E6: Площадь кровли, м2 | F6: 1728
A7: Количество подъездов | B7: 4 | C7: Площадь нежилых помещений, м2 | D7: 247.3 | E7: Площадь чердаков, м2 | F7: 1152
A8: Количество квартир | B8: 61 | C8: Площадь л/ клеток, тамбуров, лифтов, м/камер, м2 | D8: 420.5 | E8: Площадь подвалов, м2 | F8: 621.4
A11: Наименование | F11: Значение
A12: Переходящие остатки денежных средств за выполненые работы (на начало периода; + резерв, - долг) | F12: 166503.77
A13: Задолженность по оплате за содержание и текущий ремонт общего имущества МКД (на начало периода) | F13: 166810.3
A14: Начислено за работы (услуги) по содержанию и текущему ремонту и аренду общего имущества МКД, в том числе: | F14: =SUM(F15:F17) -> 605921.86
A15: - за жилые помещения | F15: 563817.11
A16: - за нежилые помещения | F16: 39404.75
A17: - за рекламу и аренду общего имущества МКД | F17: 2700
A18: Получено денежных средств, в т. ч: | F18: =SUM(F19:F21) -> 580166.62
A19: - за жилые помещения | F19: 538634.52
A20: - за нежилые помещения | F20: 38832.1
A21: - за рекламу и аренду общего имущества МКД | F21: 2700
A22: Всего денежных средств с учетом остатков | F22: =F12+F18 -> 746670.39
A23: Выполненные работы (оказанные услуги) по содержанию общего имущества и текущему ремонту в отчетном периоде | F23: =акт21!E98 -> 518072.15
A24: Переходящие остатки денежных средств за выполненные работы (на конец периода; + резерв, - долг) | F24: =F22-F23 -> 228598.24
A25: Задолженность по оплате за содержание и текущий ремонт общего имущества МКД (на конец периода) | F25: =F13+F14-F18 -> 192565.54
A27: Директор ООО "ТРЭК" Плотников А.А. __________________
A28: Отчет составил: экономист _______________
A29: Отчет получил: ________________________________________________________
A30: Дата __________________

Sheet акт21
A1: АКТ № 76/8
A2: приемки оказанных услуг и (или) выполненных работ по содержанию
A3: и текущему ремонту общего имущества в многоквартирном доме
A4: г. Ангарск | E4: 31 марта 2022 г.
A6: Собственники помещений в многоквартином доме, расположенном по адресу: ________________________ , именуемые в дальнейшем "Заказчик", в лице ___________________________________________________________________________________,
A7: являющегося собственником квартиры № _____, находящейся в данном многоквартирном доме, действующего на основании протокола общего собрания собственников, с одной стороны, и управляющая компания ООО "ТРЭК", именуемая в дальнейшем
A8: "Исполнитель", в лице директора Плотникова А.А., действующего на основании Устава, с другой стороны, совместно именуемые "Стороны", составили настоящий акт о нижеследующем:
A9: 1. Исполнителем предъявлены к приемке следующие оказанные на основании договора управления многоквартирным домом или договора оказания услуг по содержанию и (или) выполнению работ по ремонту общего имущества в многоквартирном
A10: доме, либо договора подряда по выполнению работ по ремонту общего имущества в многоквартирном доме (указать нужное) № _______ от "____" ___________________ ______ г. (далее - "Договор") услуги и (или) выполненные работы по содержанию
A11: и текущему ремонту общего имущества в многоквартирном доме № _____, расположенном по адресу: ______________________:
A13: Наименование вида работы (услуги) | B13: Периодичность / количественный показатель выполненной работы (оказанной услуги) | C13: Единица измерения работы (услуги) | D13: Стоимость / сметная стоимость выполненной работы (оказанной услуги) за единицу | E13: Цена выполненной работы (оказанной услуги), в рублях
A14: Аварийное обслуживание
A15: Аварийное обслуживание | B15: Ежедневно | C15: руб. | D15: 0.14 | E15: 5921.16
A16: Благоустройство и обеспечение санитарного состояния МКД и придомовой територии
A17: Завоз песка, ПГС, щебня, земли | B17: По факту | D17: =E17 -> 513.04 | E17: 513.04
A18: Окраска известковыми составами: по кирпичу и бетону (бордюр. столбики, столбы) | B18: По факту | C18: 100 м2 | D18: =E18 -> 1193.05 | E18: 1193.05
A19: Ремонт штакетного забора | B19: 0.05 | C19: 100 м2 | D19: =E19/B19 -> 30311.2 | E19: 1515.56
A20: Устройство скамейки без спинки с окраской | B20: 1 | C20: шт | D20: =E20/B20 -> 3805.56 | E20: 3805.56
A21: Услуги спец.техники по благоустройству (очистка наледи, снега) | B21: По факту | C21: руб. | D21: =E21 -> 4623.48 | E21: =2838.85+500+1284.63 -> 4623.48
A22: Услуги по вывозу и утилизации листвы, веток, деревьев, скошенной травы , смета и др. | B22: По факту | C22: руб. | D22: =E22 -> 3626.99 | E22: =3237.99+389 -> 3626.99
A23: Уборка придомовой территории и лестничных клеток | B23: По тарифу | C23: м2 | D23: =E23 -> 195530.16 | E23: 195530.16
A24: Дезинсекция и дератизация
A25: Дезинсекция и дератизация | B25: По факту | C25: руб. | D25: =E25 -> 820.25 | E25: 820.25
A26: Коммунальные ресурсы на содержание общ. имущества МКД
A27: Коммунальные ресурсы на содержание общего имущества МКД | B27: По факту | C27: руб. | D27: =E27 -> 49621.28 | E27: 49621.28
A28: Обслуживание и текущий ремонт инженерного оборудования
A29: Монтаж решеток на подвальные окна, приямки, загрузочные люки | B29: 0.033 | C29: т | D29: =E29/B29 -> 40984.242 | E29: 1352.48
A30: Прокладка трубопроводов канализационных из полиэтиленовых труб высокой плотности: 50 мм | B30: 0.054 | C30: 100 м | D30: =E30/B30 -> 74741.296 | E30: 4036.03
A31: Разборка трубопровода из чугунных канализационных труб. диаметром 50мм | B31: 0.054 | C31: 100 м | D31: =E31/B31 -> 34488.519 | E31: 1862.38
A32: Смена отдельных участков трубопроводов канализации из полиет. труб высокой пл-ти: вертик. д 50 мм | B32: 1 | C32: 1 участок | D32: =E32/B32 -> 623.9 | E32: 623.9
A33: Смена отдельных участков трубопроводов канализации из полиетиленовых труб высокой плотности:д 100 мм | B33: 1 | C33: 1 участок | D33: =E33/B33 -> 1521.29 | E33: 1521.29
A34: Установка заглушек на трубопроводах д. до 50мм | B34: 0.01 | C34: 100 шт. | D34: =E34/B34 -> 62794 | E34: 627.94
A35: Установка крышки люка | B35: 1 | C35: шт | D35: =E35/B35 -> 1245.78 | E35: 1245.78
A36: Запуск потока воды: отопление, ГВС, ХВС | B36: 3 | C36: 1 узел | D36: =E36/B36 -> 96.963333 | E36: 290.89
A37: Запуск системы отопления. | B37: 1 | C37: 1 здание | D37: =E37/B37 -> 1005.22 | E37: 1005.22
A38: Ликвидация воздушных пробок в системе отопления, в стояке | B38: 1 | C38: 1 стояк | D38: =E38/B38 -> 739.4 | E38: 739.4
A39: Опрессовка ТУ диаметром: до 100 мм | B39: 1 | C39: 100 м | D39: =E39/B39 -> 961.8 | E39: 961.8
A40: Осмотр и устранение мелких неисправностей на РХВ | B40: 1 | C40: шт | D40: =E40/B40 -> 149.54 | E40: 149.54
... A43: Осмотр СТО | B43: 0.08 | C43: 100 квартир | D43: =E43/B43 -> 30190.5 | E43: 2415.24
A44: Осмотр СТО в чердачных и подвальных помещениях (весенний и осенний) | B44: =2.19*2 -> 4.38 | C44: 1000 м2 | D44: =E44/B44 -> 2020.6872 | E44: =4458.47+4392.14 -> 8850.61
A45: Осмотр СТО в чердачных и подвальных помещениях ФКР | B45: 2.79 | C45: 1000 м2 | D45: =E45/B45 -> 2404.7097 | E45: 6709.14
A46: Осмотр, замеры, опломбировка ПУ Т/У с представителем | B46: 0.01 | C46: 100 шт. | D46: =E46/B46 -> 30081 | E46: 300.81
A47: Отключение системы отопления | B47: 1 | C47: 1 здание | D47: =E47/B47 -> 611.75 | E47: 611.75
A48: Перевод отопления с подачи на обратку или с обратки на подачу | B48: 5 | C48: узел | D48: =E48/B48 -> 251.622 | E48: 1258.11
A49: Перекрытие потока воды: отопление, ГВС, ХВС | B49: 3 | C49: 1 узел | D49: =E49/B49 -> 77.54 | E49: 232.62
A50: Подготовка элеваторного узла | B50: 1 | C50: шт | D50: =E50/B50 -> 7368.26 | E50: 7368.26
A51: Промывка трубопровода системы отопления | B51: 1 | C51: 1 здание | D51: =E51/B51 -> 10936.37 | E51: 10936.37
A52: Сдача ИТП представителю энергоснабжающей организации | B52: 1 | C52: 1 ИТП | D52: =E52/B52 -> 857.06 | E52: 857.06
A53: Сдача РХВ представителю водоканала, составление акта | B53: 1 | C53: 1 ИТП | D53: =E53/B53 -> 598.84 | E53: 598.84
A54: Смена заглушек на обратный клапан АЭРАТОР диаметром: до 50 мм | B54: 0.01 | C54: 100 шт. | D54: =E54/B54 -> 114797 | E54: 1147.97
A55: Снятие и запись замера в наряде (ИТП,РХВ) | B55: 31 | C55: 1 ИТП | D55: =E55/B55 -> 302.42323 | E55: 9375.12
A56: Обслуживание и текущий ремонт конструктивных элементов
A57: Демонтаж МАФ (деревянные) | B57: 1 | C57: шт | D57: =E57/B57 -> 948.02 | E57: 948.02
A58: Окраска масляными составами по дереву: доски объявления | B58: 0.02 | C58: 100 м2 | D58: =E58/B58 -> 33785 | E58: 675.7
A59: Предоставлении справки о макросейсмической информации | B59: По факту | C59: шт | D59: =E59 -> 5000 | E59: 5000
A60: Ремонт козырьков над подъездом (сварка) | B60: 0.031 | C60: 100 м2 | D60: =E60/B60 -> 64298.387 | E60: 1993.25
A61: Ремонт штакетного забора. | B61: 0.02 | C61: 100 м | D61: =E61/B61 -> 25263 | E61: 505.26
A62: Смена дверных приборов: навесного замка-краб | B62: 0.01 | C62: 100 шт. | D62: =E62/B62 -> 8379 | E62: 83.79
A63: Установка досок объявлений с изготовлением | B63: 0.04 | C63: 100 шт. | D63: =E63/B63 -> 53700.75 | E63: 2148.03
A64: Закрытие окна с вышки | B64: 0.1 | C64: 10 шт. | D64: =E64/B64 -> 17571.9 | E64: 1757.19
A65: М. Ремонт оконных переплетов (пристрожка, установка угольников, укрепление) | B65: 1 | C65: 1 створка | D65: =E65/B65 -> 482.12 | E65: 482.12
A66: Осмотр кровли, чердака, люков | B66: 0.15 | C66: 1000 м2 | D66: =E66/B66 -> 2050.2667 | E66: 307.54
A67: Осмотр кровли, чердака, подъездов, подвального помещения - | B67: 0.1 | C67: 1000 м2 | D67: =E67/B67 -> 4011.2 | E67: 401.12
A68: Осмотр кровли, чердака, подъездов, подвального помещения - весенний осмотр | B68: 2.193 | C68: 1000 м2 | D68: =E68/B68 -> 2012.0292 | E68: 4412.38
A69: Осмотр кровли, чердака, подъездов, подвального помещения - осенний осмотр | B69: 2.19 | C69: 1000 м2 | D69: =E69/B69 -> 2013.6895 | E69: 4409.98
A70: Осмотр оголовков вент. каналов с целью предотвращения закупорки в зимнее время с записью в спец. жур | B70: =3.457*2 -> 6.914 | C70: 1000 м2 | D70: =E70/B70 -> 1831.0761 | E70: =6330.03*2 -> 12660.06
A71: Очистка кровли от снега толщ. 10см, сбивание сосулей | B71: 110 | C71: 1 м 1 основания | D71: =E71/B71 -> 81.420636 | E71: 8956.27
A72: Очистка кровли от снега, сбивание сосулей | B72: 18 | C72: 1 м 2 основания | D72: =E72/B72 -> 85.622222 | E72: 1541.2
A73: Очистка кровли от снега, сбивание сосулей с выходом на кровлю | B73: 48 | C73: 1 м 1 основания | D73: =E73/B73 -> 55.322083 | E73: 2655.46
A74: Очистка воронки и колен от мусора, снега | B74: 2 | C74: шт | D74: =E74/B74 -> 670.58 | E74: 1341.16
A75: Очистка желобов от мусора: вручную (при расчете 1 кг. мусора = 3 м 1 желоба) | B75: 213 | C75: м | D75: =E75/B75 -> 57.496385 | E75: 12246.73
A76: Очистка кровли от снега, сбивание сосулей | B76: 40 | C76: 1 м 2 основания | D76: =E76/B76 -> 75.04275 | E76: 3001.71
A77: Проверка исправности вент. каналов, правильного расположения оголовков относ. крыши и наличия тяги | B77: 2.88 | C77: 1000 м2 | D77: =E77/B77 -> 1949.5729 | E77: 5614.77
A78: Укрепление колпаков на дымовых и вентиляционных трубах в один канал | B78: 0.1 | C78: 10 шт. | D78: =E78/B78 -> 9421.3 | E78: 942.13
A79: Смена дверных приборов: навесного замка | B79: 0.01 | C79: 100 приборов | D79: =E79/B79 -> 8754 | E79: 87.54
A80: Смена дверных приборов: петли | B80: 0.02 | C80: 100 приборов | D80: =E80/B80 -> 56471 | E80: 1129.42
A81: Укрепление дверных приборов: петли (шарниры), шпингалеты, ручки накладные | B81: 0.08 | C81: 100 шт. | D81: =E81/B81 -> 53043.375 | E81: 4243.47
A82: Укрепление козырька над входной дверью в подъезд | B82: 0.025 | C82: т | D82: =E82/B82 -> 76016.8 | E82: 1900.42
A83: Установка дверных приборов: навесного замка | B83: 0.03 | C83: 100 приборов | D83: =E83/B83 -> 31116 | E83: 933.48
A84: Обслуживание и текущий ремонт электрооборудования жилых домов
A85: Обслуживание и текущий ремонт электрооборудования жилых домов | B85: По договору | C85: руб. | D85: =E85 -> 10880.45 | E85: 10880.45
A86: Обслуживание газового оборудования
A87: Техобслуживание газового оборудования | B87: По договору | C87: 16 стояков | D87: =E87 -> 13600 | E87: 13600
A88: Обслуживание ОДПУ
A89: Техническое обслуживание ОДПУ | B89: По договору | C89: руб. | D89: =E89 -> 21600 | E89: 21600
A90: Расходы на истребование задолженности по оплате жилых помещений. Содержание информационных систем
A91: Истребование дебиторской задолженности | B91: По факту | C91: руб. | D91: =E91 -> 1374.64 | E91: 1374.64
A92: Содержание информационных систем, обеспечивающих сбор, обработку и хранение данных | B92: По факту | C92: руб. | D92: =E92 -> 2051.86 | E92: 2051.86 | F92: =SUM(E15:E92) -> 470974.68 | G92: 461277.96
A93: Услуги по управлению МКД
A94: Услуги по управлению МКД | B94: Ежедневно | C94: руб. | D94: =E94 -> 47097.468 | E94: =SUM(E15:E92)*10% -> 47097.468
A95: Итого: | E95: =F92+E94 -> 518072.15
A98: 2. Всего за период с "01"января 2021 г. по "31"декабря 2021 г. выполнено работ на общую сумму | E98: =E95 -> 518072.15
A99: Пятьсот пятнадцать тысяч триста сорок шесть рублей 70 копеек.
A100: 3. Работы (услуги) выполнены (оказаны) полностью, в установленные сроки, с надлежащим качеством.
A101: 4. Претензий по выполнению условий Договора Стороны друг к другу не имеют.
A102: Настоящий акт составлен в 2-х экземплярах, имеющих одинаковую юридическую силу, по одному для каждой из Сторон.
A104: Подписи Сторон:
A105: Исполнитель - Директор ООО "ТРЭК", Плотников А.А.
A106: ____________________________________________________ ____________________________________
D107: (подпись)
...
